Description

hgfd

Replay - zvz dream lingbaneroach wars

Build Order

Get SALT Encoding   

  12  0:01  Drone  
  13  0:12  Overlord  
  13  0:17  Drone  
  14  0:31  Drone x3  
  17  0:52  Hatchery  
  17  0:55  Drone x2  
  18  1:08  Extractor  
  17  1:13  Spawning Pool  
  17  1:16  Drone x2  
  18  1:29  Drone  
  19  1:46  Overlord  
  20  1:54  Drone  
  20  2:00  Queen x2  
  24  2:09  Drone x2  
  24  2:15  Drone x2  
  28  2:17  Metabolic Boost  
  28  2:30  Baneling Nest  
  28  2:31  Drone x2  
  29  2:42  Hatchery  
  28  2:44  Drone  
  29  2:51  Zergling x6  
  29  2:57  Overlord  
  32  3:03  Overlord  
  32  3:13  Zergling x8  
  36  3:21  Queen  
  36  3:25  Zergling x8  
  42  3:37  Baneling x2  
  43  3:41  Zergling x6  
  44  3:49  Zergling x4  
  45  3:56  Baneling  
  45  4:00  Drone x8  
  50  4:03  Baneling  
  50  4:05  Drone x3  
  55  4:21  Drone x3  
  56  4:29  Baneling x2  
  54  4:40  Drone x3  
  54  4:42  Roach Warren  
  54  4:43  Evolution Chamber  
  55  4:49  Zergling x10  
  56  4:58  Spine Crawler  
  56  5:00  Overlord x2  
  56  5:08  Queen x2  
  56  5:13  Zergling x2  
  56  5:15  Queen  
  56  5:17  Drone x5  
  56  5:18  Baneling  
  57  5:23  Zerg Missile Weapons Level 1  
  57  5:25  Roach x2  
  57  5:26  Drone x4  
  57  5:28  Extractor  
  64  5:37  Extractor x2  
  62  5:45  Baneling  
  62  5:47  Roach, Zergling x18  
  72  6:14  Drone  
  72  6:16  Overlord x2  
  72  6:17  Lair  
  73  6:20  Extractor  
  72  6:35  Drone x7  
  72  6:37  Roach x5  
  89  6:48  Overlord x6  
  88  7:09  Roach x10  
  88  7:12  Drone  
  101  7:31  Roach x12  
  101  7:32  Queen x2  
  129  7:49  Overlord x3  
  129  8:02  Roach x4  
  137  8:11  Roach x2  
Spawning Tool Build Advisor. Get it on Overwolf

Analysis

hgfd

Go to:

Details

  • Created by: BladeQueen
  • Published on: May 25, 2018
  • Modified on: May 25, 2018
  • Patch: 4.0.0
Show
View Real Time Build Order
Export as new Build Order

Comments (0)

There are no comments. Be the first!

Create an account to comment!